TOP OF THE 1ST |
Minnesota (NYP) Twins batting - Pitching for Lowell Spinners : LHP Rob Hymowitz
|
Pitching: LHP Rob Hymowitz
|
|
Batting: RHB Caleb Bockmann
|
0-0: Ball 1-0: Foul Ball, location: 2F 1-1: Called Strike 1-2: Strikes out swinging
|
Batting: RHB Fhil Mikrakin
|
0-0: Ball 1-0: Called Strike 1-1: Called Strike 1-2: SINGLE (Line Drive, 34, EV 108.1 MPH)
|
Batting: RHB Steve Raine
|
0-0: Called Strike 0-1: Swinging Strike 0-2: Strikes out swinging
|
Batting: RHB Nate Matson
|
0-0: Called Strike Fhil Mikrakin is caught stealing 2nd base 2-4
|
Top of the 1st over - 0 runs, 1 hit, 0 errors, 0 left on base; Minnesota (NYP) 0 - Lowell 0 |
BOTTOM OF THE 1ST |
Lowell Spinners batting - Pitching for Minnesota (NYP) Twins : LHP Ricky Lopez
|
Pitching: LHP Ricky Lopez
|
|
Batting: LHB Eric Gaugler
|
0-0: Ground out U3 (Groundball, 34S, EV 88.8 MPH)
|
Batting: RHB Willie Camacho
|
0-0: Swinging Strike 0-1: Ball 1-1: Fly out, F8 (Flyball, 8RXD, EV 105.0 MPH)
|
Batting: LHB Kien-lung Zou
|
0-0: Ball 1-0: Called Strike 1-1: Called Strike 1-2: Foul Ball, location: 2F 1-2: SINGLE (Flyball, 6MD, EV 92.5 MPH)
|
Batting: RHB Dominique Paolozzi
|
0-0: Ball 1-0: Ball 2-0: Ball 3-0: Base on Balls Kien-lung Zou to second
|
Batting: RHB Tony Gallegos
|
0-0: Ball 1-0: Ball Passed Ball! Kien-lung Zou to third Dominique Paolozzi to second 2-0: Foul Ball, location: 2F 2-1: Foul Ball, location: 2F 2-2: Ball 3-2: Base on Balls
|
Batting: RHB Bakhtiar Asadov
|
0-0: Ball 1-0: Ball 2-0: Called Strike 2-1: Foul Ball, location: 2F 2-2: Foul Ball, location: 2F 2-2: Foul Ball, location: 2F 2-2: Ball 3-2: Foul Ball, location: 2F 3-2: DOUBLE (Line Drive, 89D, EV 113.8 MPH) Kien-lung Zou scores Dominique Paolozzi scores Tony Gallegos to third Tony Gallegos scores
|
Batting: SHB Matsudaira Ikeda
|
0-0: Ball 1-0: Called Strike 1-1: Fly out, F8 (Flyball, 8LD, EV 101.2 MPH)
|
Bottom of the 1st over - 3 runs, 2 hits, 0 errors, 1 left on base; Minnesota (NYP) 0 - Lowell 3 |
TOP OF THE 2ND |
Minnesota (NYP) Twins batting - Pitching for Lowell Spinners : LHP Rob Hymowitz
|
Batting: RHB Nate Matson
|
0-0: Ball 1-0: Called Strike 1-1: Foul Ball, location: 2F 1-2: Ball 2-2: Ball 3-2: Strikes out swinging
|
Batting: LHB Hector Olvera
|
0-0: Called Strike 0-1: Called Strike 0-2: Strikes out swinging
|
Batting: RHB Chris Bejarano
|
0-0: Ball 1-0: Ball 2-0: Ball 3-0: Swinging Strike 3-1: Base on Balls
|
Batting: LHB Ben Roth
|
0-0: Ball 1-0: Ball Chris Bejarano is caught stealing 2nd base 2-6
|
Top of the 2nd over - 0 runs, 0 hits, 0 errors, 0 left on base; Minnesota (NYP) 0 - Lowell 3 |
BOTTOM OF THE 2ND |
Lowell Spinners batting - Pitching for Minnesota (NYP) Twins : LHP Ricky Lopez
|
Batting: RHB Mike Strey
|
0-0: Ball 1-0: Foul Ball, location: 2F 1-1: Ball 2-1: Ball 3-1: Base on Balls
|
Batting: RHB Roger Mitchell
|
0-0: Foul Ball, location: 2F 0-1: Ground out 6-3 (Groundball, 56D, EV 104.4 MPH) Mike Strey to second
|
Batting: LHB Eric Gaugler
|
0-0: Called Strike 0-1: Ball 1-1: Foul Ball, location: 2F 1-2: Ball 2-2: Foul Ball, location: 2F 2-2: Strikes out swinging
|
Batting: RHB Willie Camacho
|
0-0: Ball 1-0: Foul Ball, location: 2F 1-1: Foul Ball, location: 2F 1-2: Strikes out swinging
|
Bottom of the 2nd over - 0 runs, 0 hits, 0 errors, 1 left on base; Minnesota (NYP) 0 - Lowell 3 |
TOP OF THE 3RD |
Minnesota (NYP) Twins batting - Pitching for Lowell Spinners : LHP Rob Hymowitz
|
Batting: LHB Ben Roth
|
0-0: Ball 1-0: SINGLE (Groundball, 34D, EV 105.0 MPH)
|
Batting: RHB David McClellan
|
0-0: Ball 1-0: Grounds into double play, 4-6-3 (Groundball, 34, EV 81.9 MPH)
|
Batting: LHB Jose Hilario
|
0-0: Called Strike 0-1: Ball 1-1: Foul Ball, location: 2F 1-2: Ball 2-2: Strikes out swinging
|
Top of the 3rd over - 0 runs, 1 hit, 0 errors, 0 left on base; Minnesota (NYP) 0 - Lowell 3 |
BOTTOM OF THE 3RD |
Lowell Spinners batting - Pitching for Minnesota (NYP) Twins : LHP Ricky Lopez
|
Batting: LHB Kien-lung Zou
|
0-0: Ball 1-0: Called Strike 1-1: Ball 2-1: Swinging Strike 2-2: Fly out, F8 (Flyball, 89D, EV 100.0 MPH)
|
Batting: RHB Dominique Paolozzi
|
0-0: Called Strike 0-1: Foul Ball, location: 2F 0-2: Ground out 5-3 (Groundball, 56, EV 95.6 MPH)
|
Batting: RHB Tony Gallegos
|
0-0: Called Strike 0-1: Ball 1-1: Ball 2-1: Hit by Pitch
|
Batting: RHB Bakhtiar Asadov
|
0-0: Called Strike 0-1: Ball 1-1: Ball 2-1: Called Strike 2-2: Ball Pickoff Throw to First - Out! 1-3
|
Bottom of the 3rd over - 0 runs, 0 hits, 0 errors, 0 left on base; Minnesota (NYP) 0 - Lowell 3 |
TOP OF THE 4TH |
Minnesota (NYP) Twins batting - Pitching for Lowell Spinners : LHP Rob Hymowitz
|
Batting: RHB Caleb Bockmann
|
0-0: Called Strike 0-1: SINGLE (Groundball, 56D, EV 96.9 MPH)
|
Batting: RHB Fhil Mikrakin
|
0-0: Ball Balk! Caleb Bockmann to second 1-0: Called Strike 1-1: Swinging Strike 1-2: Ground out 6-3 (Groundball, 6, EV 86.9 MPH) Caleb Bockmann to third
|
Batting: RHB Steve Raine
|
0-0: Foul Ball, location: 2F 0-1: Ball 1-1: Ground out 5-3 (Groundball, 5, EV 88.8 MPH)
|
Batting: RHB Nate Matson
|
0-0: Ball 1-0: Ball 2-0: Swinging Strike 2-1: Swinging Strike 2-2: Strikes out swinging
|
Top of the 4th over - 0 runs, 1 hit, 0 errors, 1 left on base; Minnesota (NYP) 0 - Lowell 3 |
BOTTOM OF THE 4TH |
Lowell Spinners batting - Pitching for Minnesota (NYP) Twins : LHP Ricky Lopez
|
Batting: RHB Bakhtiar Asadov
|
0-0: Called Strike 0-1: Ground out 6-3 (Groundball, 6S, EV 77.5 MPH)
|
Batting: SHB Matsudaira Ikeda
|
0-0: Foul Ball, location: 2F 0-1: SOLO HOME RUN (Flyball, 7LD, EV 93.8 MPH), Distance : 363 ft
|
Batting: RHB Mike Strey
|
0-0: SINGLE (Line Drive, 6MD, EV 94.4 MPH)
|
Batting: RHB Roger Mitchell
|
0-0: Fly out, F7 (Flyball, 7LS, EV 98.8 MPH)
|
Batting: LHB Eric Gaugler
|
0-0: Hit by Pitch Mike Strey to second
|
Batting: RHB Willie Camacho
|
0-0: Called Strike 0-1: SINGLE (Groundball, 13S, EV 68.1 MPH) (infield hit) Mike Strey to third Eric Gaugler to second
|
Batting: LHB Kien-lung Zou
|
0-0: Ball 1-0: Foul Ball, location: 2F 1-1: Foul Ball, location: 2F 1-2: Ball 2-2: Fly out, F9 (Flyball, 9S, EV 88.1 MPH)
|
Bottom of the 4th over - 1 run, 3 hits, 0 errors, 3 left on base; Minnesota (NYP) 0 - Lowell 4 |
TOP OF THE 5TH |
Minnesota (NYP) Twins batting - Pitching for Lowell Spinners : LHP Rob Hymowitz
|
Batting: LHB Hector Olvera
|
0-0: Swinging Strike 0-1: Foul Ball, location: 2F 0-2: Ball 1-2: Foul Ball, location: 2F 1-2: Strikes out looking
|
Batting: RHB Chris Bejarano
|
0-0: Ground out 6-3 (Groundball, 6, EV 89.4 MPH)
|
Batting: LHB Ben Roth
|
0-0: Called Strike 0-1: Reached on error, E4 (Groundball, 34D, EV 93.1 MPH)
|
Batting: RHB David McClellan
|
0-0: Ball 1-0: Swinging Strike 1-1: 2-RUN HOME RUN (Flyball, 7D, EV 105.6 MPH), Distance : 394 ft
|
Batting: LHB Jose Hilario
|
0-0: Ball 1-0: Ball 2-0: Foul Ball, location: 2F 2-1: Ground out 4-3 (Groundball, 4, EV 79.4 MPH)
|
Top of the 5th over - 2 runs, 1 hit, 1 error, 0 left on base; Minnesota (NYP) 2 - Lowell 4 |
BOTTOM OF THE 5TH |
Lowell Spinners batting - Pitching for Minnesota (NYP) Twins : LHP Ricky Lopez
|
Batting: RHB Dominique Paolozzi
|
0-0: Ball 1-0: Ball 2-0: Ball 3-0: Base on Balls
|
Pitching: LHP Bryan Rouse
|
|
Batting: RHB Tony Gallegos
|
0-0: Swinging Strike 0-1: Swinging Strike 0-2: Ball 1-2: Ball 2-2: Strikes out swinging
|
Batting: RHB Bakhtiar Asadov
|
0-0: Foul Ball, location: 2F 0-1: Fly out, F8 (Flyball, 8RM, EV 91.9 MPH)
|
Batting: SHB Matsudaira Ikeda
|
0-0: Called Strike 0-1: Ball 1-1: Fly out, F7 (Flyball, 7, EV 84.4 MPH)
|
Bottom of the 5th over - 0 runs, 0 hits, 0 errors, 1 left on base; Minnesota (NYP) 2 - Lowell 4 |
TOP OF THE 6TH |
Minnesota (NYP) Twins batting - Pitching for Lowell Spinners : LHP Rob Hymowitz
|
Batting: RHB Caleb Bockmann
|
0-0: Foul Ball, location: 2F 0-1: Ball 1-1: Ball 2-1: Foul Ball, location: 2F 2-2: Strikes out swinging
|
Batting: RHB Fhil Mikrakin
|
0-0: Foul Ball, location: 2F 0-1: Ball 1-1: Ground out 6-3 (Groundball, 56, EV 84.4 MPH)
|
Batting: RHB Steve Raine
|
0-0: Ball 1-0: Ball 2-0: Ball 3-0: Base on Balls
|
Batting: RHB Nate Matson
|
0-0: Fly out, F8 (Flyball, 89S, EV 73.1 MPH)
|
Top of the 6th over - 0 runs, 0 hits, 0 errors, 1 left on base; Minnesota (NYP) 2 - Lowell 4 |
BOTTOM OF THE 6TH |
Lowell Spinners batting - Pitching for Minnesota (NYP) Twins : LHP Bryan Rouse
|
Batting: RHB Mike Strey
|
0-0: Called Strike 0-1: Foul Ball, location: 2F 0-2: Ball 1-2: Strikes out swinging
|
Batting: RHB Roger Mitchell
|
0-0: Ground out 6-3 (Groundball, 6, EV 106.2 MPH)
|
Batting: LHB Eric Gaugler
|
0-0: Ground out 4-3 (Groundball, 4, EV 90.6 MPH)
|
Bottom of the 6th over - 0 runs, 0 hits, 0 errors, 0 left on base; Minnesota (NYP) 2 - Lowell 4 |
TOP OF THE 7TH |
Minnesota (NYP) Twins batting - Pitching for Lowell Spinners : LHP Rob Hymowitz
|
Batting: LHB Hector Olvera
|
0-0: Ball 1-0: Ball 2-0: Foul Ball, location: 2F 2-1: Foul Ball, location: 2F 2-2: Fly out, F8 (Flyball, 89M, EV 82.5 MPH)
|
Batting: RHB Chris Bejarano
|
0-0: Ball 1-0: Called Strike 1-1: SINGLE (Groundball, 56, EV 99.4 MPH) (infield hit)
|
Batting: LHB Ben Roth
|
0-0: Ball 1-0: Ball 2-0: Foul Ball, location: 2F 2-1: Foul Ball, location: 2F 2-2: Strikes out swinging
|
Pitching: LHP Jessie Leslie
|
|
Batting: RHB David McClellan
|
0-0: Called Strike 0-1: Called Strike 0-2: Ball 1-2: Strikes out swinging
|
Top of the 7th over - 0 runs, 1 hit, 0 errors, 1 left on base; Minnesota (NYP) 2 - Lowell 4 |
BOTTOM OF THE 7TH |
Lowell Spinners batting - Pitching for Minnesota (NYP) Twins : LHP Bryan Rouse
|
Batting: RHB Willie Camacho
|
0-0: Swinging Strike 0-1: Foul Ball, location: 2F 0-2: Foul Ball, location: 2F 0-2: Strikes out swinging
|
Batting: LHB Kien-lung Zou
|
0-0: Called Strike 0-1: Swinging Strike 0-2: Fly out, F8 (Flyball, 8LXD, EV 93.8 MPH)
|
Batting: RHB Dominique Paolozzi
|
0-0: Ball 1-0: Foul Ball, location: 2F 1-1: Ball 2-1: Ball 3-1: Swinging Strike 3-2: Strikes out swinging
|
Bottom of the 7th over - 0 runs, 0 hits, 0 errors, 0 left on base; Minnesota (NYP) 2 - Lowell 4 |
TOP OF THE 8TH |
Minnesota (NYP) Twins batting - Pitching for Lowell Spinners : LHP Jessie Leslie
|
Batting: LHB Jose Hilario
|
0-0: Ground out 4-3 (Groundball, 4, EV 89.4 MPH)
|
Batting: RHB Caleb Bockmann
|
0-0: Fly out, F7 (Flyball, 7D, EV 83.8 MPH)
|
Batting: RHB Fhil Mikrakin
|
0-0: Swinging Strike 0-1: Ball 1-1: Ball 2-1: Ground out 6-3 (Groundball, 56, EV 108.8 MPH)
|
Top of the 8th over - 0 runs, 0 hits, 0 errors, 0 left on base; Minnesota (NYP) 2 - Lowell 4 |
BOTTOM OF THE 8TH |
Lowell Spinners batting - Pitching for Minnesota (NYP) Twins : LHP Bryan Rouse
|
Batting: RHB Tony Gallegos
|
0-0: Swinging Strike 0-1: Swinging Strike 0-2: Foul Ball, location: 2F 0-2: Ball 1-2: Fly out, F3 (Line Drive, 3L, EV 67.5 MPH)
|
Batting: RHB Bakhtiar Asadov
|
0-0: Ball 1-0: Ball 2-0: Called Strike 2-1: Foul Ball, location: 2F 2-2: Foul Ball, location: 2F 2-2: Ground out 5-3 (Groundball, 56, EV 92.5 MPH)
|
Pitching: RHP Takeshi Kusanagi
|
|
Batting: SHB Matsudaira Ikeda
|
0-0: Ball 1-0: Foul Ball, location: 2F 1-1: Ground out 4-3 (Groundball, 4, EV 101.9 MPH)
|
Bottom of the 8th over - 0 runs, 0 hits, 0 errors, 0 left on base; Minnesota (NYP) 2 - Lowell 4 |
TOP OF THE 9TH |
Minnesota (NYP) Twins batting - Pitching for Lowell Spinners : LHP Jessie Leslie
|
Pitching: RHP Austin O'Connor
|
|
Batting: RHB Steve Raine
|
0-0: Ball 1-0: Swinging Strike 1-1: Called Strike 1-2: Strikes out swinging
|
Batting: RHB Nate Matson
|
0-0: Fly out, F9 (Line Drive, 9, EV 91.9 MPH)
|
Batting: LHB Hector Olvera
|
0-0: Swinging Strike 0-1: Ball 1-1: Ball 2-1: Foul Ball, location: 2F 2-2: Ball 3-2: Base on Balls
|
Batting: RHB Chris Bejarano
|
0-0: Called Strike 0-1: Ball 1-1: Called Strike 1-2: Strikes out looking
|
Top of the 9th over - 0 runs, 0 hits, 0 errors, 1 left on base; Minnesota (NYP) 2 - Lowell 4 |
|